 Dungeon Crawl Stone Soup version 0.29.0-5-ge4962eb29e (webtiles) character file.

Game seed: 1365566161385669663

13706 Revguard the Unflinching (level 12, -2/83 (103) HPs)
             Began as a Meteoran Fighter on Aug 29, 2022.
             Was a Believer of the Shining One.
             Slain by Snorg (18 damage)
             ... on level 10 of the Dungeon.
             The game lasted 00:26:48 (6336 turns).

Revguard the Unflinching (Meteoran Fighter)         Turns: 6336, Time: 00:26:49

HP:   -2/83 (103)   AC: 29    Str: 27    XL:     12   Next: 68%
MP:   17/20         EV: 11    Int: 11    God:    the Shining One [**....]
Gold: 358           SH: 17    Dex: 14    Spells: 11/11 levels left

rFire   + . .      SeeInvis .   E - +3 hand axe (venom)
rCold   + . .      Faith    .   c - +1 buckler
rNeg    + + .      Spirit   .   q - +8 plate armour "Lydoet" {rElec Will+}
rPois   .          Reflect  .   (helmet restricted)
rElec   +          Harm     .   x - +1 cloak
rCorr   .          Rampage  .   j - +0 pair of gloves
Will    ++...                   v - +0 pair of boots
Stlth   ..........              (no amulet)
HPRegen 0.23/turn               y - ring of protection from fire
MPRegen 0.17/turn               K - ring "Vudygh" {rN+ Str+5}

@: divinely shielded, glowing, heavily drained
A: sense surroundings 2, otherworldly, glowing, explore regen, horns 1,
iridescent scales 1, cold resistance 1, MP-powered wands
a: Renounce Religion, Divine Shield


You were on level 10 of the Dungeon.
You worshipped the Shining One.
The Shining One was pleased with you.
You visited 2 branches of the dungeon, and saw 11 of its levels.
You also visited: Ossuary and Bailey.

You collected 534 gold pieces.
You spent 176 gold pieces at shops.

Inventory:

Hand Weapons
 a - a +1 war axe
 E - a +3 hand axe of venom (weapon)
 F - a +1 war axe of electrocution
 I - a +0 broad axe
Armour
 c - a +1 buckler (worn)
 j - a +0 pair of gloves (worn)
 q - the +8 plate armour "Lydoet" (worn) {rElec Will+}
   (You found it on level 4 of the Dungeon)

   rElec:     It insulates you from electricity.
   Will:      It increases your willpower.
 v - a +0 pair of boots (worn)
 x - a +1 cloak (worn)
Jewellery
 p - an amulet of faith
 y - a ring of protection from fire (left hand)
 K - the ring "Vudygh" (right hand) {rN+ Str+5}
   (You found it on level 10 of the Dungeon)

   [ring of positive energy]

   Str:       It affects your strength (+5).
   rN:        It protects you from negative energy.
Wands
 k - a wand of mindburst (12)
 w - a wand of flame (28)
 D - a wand of iceblast (5)
 J - a wand of charming (4)
Scrolls
 e - 9 scrolls of teleportation
 h - 2 scrolls of poison
 m - a scroll of summoning
 n - a scroll of enchant armour
 o - 6 scrolls of noise
 z - a scroll of torment
 C - 2 scrolls of identify
 G - a scroll of blinking
Potions
 b - 2 potions of curing
 d - 9 potions of might
 f - 9 potions of heal wounds
 g - 4 potions of haste
 i - 3 potions of invisibility
 l - 3 potions of lignification
 r - 3 potions of resistance
 s - 2 potions of flight
 t - 4 potions of brilliance
 u - 3 potions of magic
 A - 2 potions of mutation
 B - 5 potions of cancellation
 H - a potion of berserk rage {unknown}


   Skills:
 + Level 8.7 Fighting
 + Level 9.2 Axes
 + Level 9.6 Armour
 + Level 8.7 Dodging
 + Level 9.6 Shields
 + Level 9.7 Invocations
 + Level 8.9 Evocations


You had 11 spell levels left.
You didn't know any spells.
Your spell library contained the following spells:

 Spells                   Type           Power      Damage    Failure   Level
 Apportation              Tloc           0%         N/A       98%         1
 Magic Dart               Conj           0%         1d3       98%         1
 Necrotise                Necr           0%         1d4       98%         1
 Summon Small Mammal      Summ           0%         N/A       98%         1
 Blink                    Tloc           0%         N/A       99%         2
 Call Imp                 Summ           0%         N/A       99%         2
 Lesser Beckoning         Tloc           0%         N/A       100%        3
 Mephitic Cloud           Conj/Pois/Air  0%         N/A       100%        3
 Blade Hands              Tmut           0%         N/A       100%        5
 Irradiate                Conj/Tmut      0%         3d11      100%        5
 Manifold Assault         Tloc           0%         N/A       100%        5
 Dragon Form              Tmut           0%         N/A       100%        7


Dungeon Overview and Level Annotations

Branches:
Dungeon (10/15) Zot: 572   Temple (1/1) D:6 Zot: 486     Orc (0/2) D:10
Ossuary (visited)          Bailey (visited)
   Lair: D:8-11

Altars:
Ashenzari
Cheibriados
Dithmenos
Elyvilon
Fedhas
Hepliaklqana
Makhleb
Nemelex Xobeh
Okawaru
Qazlal
Ru
Sif Muna
Uskayaw
Vehumet
Wu Jian
Xom
Yredelemnul
Zin
The Shining One

Shops:
D:1 !   D:4 (   D:5 !   D:9 [((

Annotations:
D:5 3 runed translucent doors, Leibowitz's ghost, amateur DgGl
D:10 Snorg


Innate Abilities, Weirdness & Mutations

You passively map the area around you.
You are easily found by Zot.
You glow in the dark.
You regain HP and MP as you explore.
You have a pair of small horns on your head.
You are partially covered in iridescent scales. (AC +2)
Your flesh is cold resistant. (rC+)
You expend magic power (3 MP) to strengthen your wands.


Message History

Snorg and 3 yaks come into view.
Found a leather armour.
Snorg shouts!
The yak bellows! x2
A yak comes into view.
The yak bellows!
Snorg bites you. Snorg claws you! Snorg claws you but does no damage.
You hit Snorg.
Snorg is poisoned.
Snorg is lightly wounded.
You barely miss Snorg. You headbutt Snorg.
Snorg is lightly wounded.
Snorg bites you but does no damage. You block Snorg's attack.
Snorg claws you but does no damage.
You hit Snorg.
Snorg looks as sick as possible!
Snorg is lightly wounded.
Snorg bites you but does no damage. Snorg claws you! You block Snorg's attack.
You slash Snorg!
Snorg looks as sick as possible!
Snorg is moderately wounded.
Snorg goes berserk!
You slash Snorg!
Snorg looks as sick as possible!
Snorg is moderately wounded.
Snorg misses you. Snorg claws you! Snorg claws you but does no damage.
You barely miss Snorg. You headbutt Snorg.
Snorg is moderately wounded.
Snorg closely misses you. Snorg claws you but does no damage. x2
Snorg bites you! Snorg closely misses you. Snorg claws you but does no damage.
You slash Snorg!
Snorg looks as sick as possible!
Snorg is heavily wounded.
Snorg bites you! You block Snorg's attack. x2
You slash Snorg!
Snorg looks as sick as possible!
Snorg is heavily wounded.
Snorg bites you but does no damage. You block Snorg's attack.
Snorg closely misses you.
You hit Snorg.
Snorg looks as sick as possible!
Your headbutt misses Snorg.
Snorg is heavily wounded.
Snorg bites you!
Snorg barely misses you. x2; Snorg bites you.
Snorg claws you!
* * * LOW HITPOINT WARNING * * *
Snorg barely misses you.
Your shield is strengthened by the Shining One's divine power.
Snorg bites you!!
You die...

, §§.§. ##........ ,
#...§§.§ ......##..
#.#§§...##.#...##.. , , *
#.#§§§§§........... ,
.Y#.§#....#...#### ,,
,YY#...........# ## *
,,,,* **
#Y#.##>..88..####. ,
#T#.###8......##.# *
.######@.#.......#.<[[..
...[....###.#....#...#.#
,.######..#..##........#.
* ** #...#.##...#....## ,
* * #.........###...). *
** .................... ,
* #####..#####.#####.## *
* #..# ... ,...> * #..# *
# #.##


You could see Snorg (berserk, extremely poisoned) and 4 yaks.

Vanquished Creatures
  2 two-headed ogres
  Pikel (D:7)
  An unseen horror (D:10)
  A hornet (D:8)
  3 shadows
  A vampire (D:10)
  2 wyverns (D:9)
  12 yaks
  2 steam dragons
  4 hogs (D:7)
  A human (D:7)
  2 acid dragons
  4 water moccasins
  Duvessa (D:6)
  3 orc warriors
  2 black bears
  An ice beast (D:7)
  A phantom (D:4)
  2 centaurs (D:8)
  A lemure (D:7)
  A kobold brigand (D:7)
  2 necrophages
  2 bullfrogs
  A scorpion (D:5)
  4 wights (D:8)
  Dowan (D:6)
  4 killer bees (D:9)
  3 electric eels (D:5)
  A centaur zombie (Ossuary)
  3 hounds
  3 human zombies (Ossuary)
  5 orc priests
  5 jellies
  A gnoll bouda (D:7)
  5 iguanas
  9 orc wizards
  5 mummies (Ossuary)
  8 adders
  12 gnolls
  A shadow imp (D:7)
  4 white imps
  An ufetubus (D:5)
  3 worms
  A dart slug (D:1)
  45 orcs
  4 ball pythons
  13 bats
  3 endoplasms
  6 giant cockroaches
  9 goblins
  6 hobgoblins
  9 jackals
  8 kobolds
  3 quokkas
  2 frilled lizards (D:1)
  A gnoll zombie (Ossuary)
  3 hobgoblin zombies
  An orc zombie (Ossuary)
  5 rats
250 creatures vanquished.

Vanquished Creatures (collateral kills)
  Sigmund (D:6)
1 creature vanquished.

Vanquished Creatures (others)
  A plant (D:5)
1 creature vanquished.

Grand Total: 252 creatures vanquished

Notes
Turn   | Place    | Note
-------+----------+-------------------------------------------
     0 | D:1      | Revguard the Meteoran Fighter began the quest for the Orb.
     0 | D:1      | Reached XP level 1. HP: 19/19 MP: 2/2
    16 | D:1      | Reached XP level 2. HP: 26/26 MP: 3/3
    61 | D:1      | Reached skill level 1 in Invocations
    77 | D:1      | Reached XP level 3. HP: 28/31 MP: 4/4
   198 | D:1      | Reached skill level 1 in Evocations
   313 | D:1      | Found Nuchef's Distillery.
   352 | D:1      | Reached XP level 4. HP: 33/37 MP: 6/6
   471 | D:1      | Glimpsed the power of Zot.
   521 | D:1      | Glimpsed the power of Zot.
   561 | D:1      | Glimpsed the power of Zot.
   571 | D:1      | Touched by the power of Zot.
   672 | D:1      | Glimpsed the power of Zot.
   740 | D:2      | Reached skill level 1 in Dodging
  1180 | D:3      | Found a faded altar of an unknown god.
  1186 | D:3      | Reached XP level 5. HP: 25/32 MP: 7/7
  1432 | D:3      | Found a hide-covered altar of Uskayaw.
  1680 | D:4      | Noticed a phantom
  1680 | D:4      | Found Voirchism's Weapon Boutique.
  1713 | D:4      | Killed a phantom
  1714 | D:4      | Reached XP level 6. HP: 9/51 MP: 7/9
  1720 | D:4      | Found a basalt altar of Yredelemnul.
  1741 | D:4      | Gained mutation: You sometimes lose your temper in combat.
                  | [potion of mutation]
  2043 | D:4      | Found a shimmering blue altar of Sif Muna.
  2276 | D:4      | Identified the +8 plate armour "Lydoet" {rElec Will+}
  2379 | D:5      | Entered Level 5 of the Dungeon
  2396 | D:5      | Reached XP level 7. HP: 59/59 MP: 10/10
  2494 | D:5      | Identified the +8 whip of Nabuodwexiu {flame, Str+4}
  2662 | D:5      | Found a transporter.
  2698 | D:5      | Reached skill level 5 in Armour
  2700 | D:5      | Reached XP level 8. HP: 45/67 MP: 11/11
  2703 | D:5      | Found a transporter.
  2743 | D:5      | Found a runed translucent gate.
  2743 | D:5      | Found a runed translucent gate.
  2743 | D:5      | Found a runed translucent gate.
  2744 | D:5      | Noticed Leibowitz's ghost (amateur DgGl)
  2799 | D:5      | Found Xaso's Distillery.
  2807 | D:5      | Bought a potion of mutation for 88 gold pieces
  2807 | D:5      | Bought a potion of mutation for 88 gold pieces
  2807 | D:5      | Lost mutation: You sometimes lose your temper in combat.
                  | [potion of mutation]
  2807 | D:5      | Gained mutation: You are partially covered in iridescent
                  | scales. (AC +2) [potion of mutation]
  2807 | D:5      | Gained mutation: You have a pair of small horns on your
                  | head. [potion of mutation]
  2807 | D:5      | Gained mutation: You have hidden genetic potential. [potion
                  | of mutation]
  2951 | D:5      | Reached skill level 5 in Shields
  2958 | D:5      | Glimpsed the power of Zot.
  3018 | D:6      | Noticed Sigmund
  3025 | D:6      | Killed Sigmund
  3044 | D:6      | Found a sand-covered staircase.
  3053 | Ossuary  | Entered an ossuary
  3136 | Ossuary  | Reached skill level 5 in Fighting
  3297 | D:6      | Noticed Duvessa
  3297 | D:6      | Noticed Dowan
  3303 | D:6      | Reached skill level 5 in Axes
  3303 | D:6      | Found a burning altar of Makhleb.
  3306 | D:6      | Killed Duvessa
  3307 | D:6      | Gained mutation: You passively map the area around you.
                  | [Meteoran growth]
  3307 | D:6      | Reached XP level 9. HP: 74/74 MP: 13/13
  3313 | D:6      | Gained mutation: Your flesh is cold resistant. (rC+)
                  | [hidden potential]
  3342 | D:6      | Killed Dowan
  3343 | D:6      | Reached skill level 5 in Invocations
  3401 | D:6      | Found a staircase to the Ecumenical Temple.
  3406 | Temple   | Entered the Ecumenical Temple
  3450 | Temple   | Became a worshipper of the Shining One
  3784 | D:6      | Reached skill level 5 in Evocations
  3961 | D:7      | Reached * piety under the Shining One
  3970 | D:7      | Reached skill level 5 in Dodging
  4029 | D:7      | Found a transporter.
  4038 | D:7      | Found a transporter.
  4041 | D:7      | Reached XP level 10. HP: 79/83 MP: 15/15
  4065 | D:7      | Gained mutation: You expend magic power (3 MP) to
                  | strengthen your wands. [hidden potential]
  4065 | D:7      | Lost mutation: You have hidden genetic potential. [hidden
                  | potential expressed]
  4097 | D:7      | Noticed Pikel
  4108 | D:7      | Killed Pikel
  4317 | D:7      | Found an ornate altar of the Wu Jian Council.
  4482 | D:7      | Glimpsed the power of Zot.
  4532 | D:7      | Glimpsed the power of Zot.
  4669 | D:8      | Noticed a two-headed ogre
  4683 | D:8      | Found a flagged portal.
  4696 | Bailey   | Entered a bailey
  4998 | Bailey   | Reached XP level 11. HP: 82/82 MP: 16/18
  5023 | D:8      | Killed a two-headed ogre
  5105 | D:8      | Reached XP level 12. HP: 98/98 MP: 19/19
  5391 | D:8      | Glimpsed the power of Zot.
  5441 | D:8      | Glimpsed the power of Zot.
  5577 | D:9      | Reached ** piety under the Shining One
  5702 | D:9      | Found Hioceysh's Armour Shoppe.
  5732 | D:9      | Found a sparkling altar of Nemelex Xobeh.
  5732 | D:9      | Found a shadowy altar of Dithmenos.
  5984 | D:9      | Found Gutopt's Weapon Shop.
  6001 | D:9      | Glimpsed the power of Zot.
  6009 | D:9      | Noticed a two-headed ogre
  6018 | D:9      | Killed a two-headed ogre
  6052 | D:9      | Glimpsed the power of Zot.
  6071 | D:9      | Found Uptaj's Weapon Shoppe.
  6092 | D:9      | Glimpsed the power of Zot.
  6102 | D:9      | Touched by the power of Zot.
  6203 | D:9      | Glimpsed the power of Zot.
  6211 | D:10     | Entered Level 10 of the Dungeon
  6224 | D:10     | Found a staircase to the Orcish Mines.
  6319 | D:10     | Identified the ring "Vudygh" {rN+ Str+5}
  6324 | D:10     | Noticed Snorg
  6336 | D:10     | Slain by Snorg

Illustrated notes

Levels and vault maps discovered:
D:1:      dpeg_arrival_houses_and_road, layout_loops_ring, serial_shops,
          shop_statue, minmay_tromino_i2
D:2:      layout_rooms
D:3:      layout_rooms, nicolae_uskayaw_dance_hall,
          chequers_ecumenical_altar_simple_redux, serial_curves, eino_curves_03,
          eino_curves_01
D:4:      layout_loops_cross, lemuel_crystal_altar, lemuel_round_altar,
          serial_shops, nicolae_shop_bloodbath_and_beyond
D:5:      gammafunk_steamed_eel, layout_loops_ring, gammafunk_ghost_necromancy,
          serial_shops, shop, chequers_serial_rivers_small_3
D:6:      layout_basic, general_overflow_altar, temple_doors_e, enter_ossuary_3,
          uniq_sigmund, uniq_duvessa
D:7:      gammafunk_cloud_chamber, layout_loops_ring, nzn_wu_jian_contemplation,
          grunt_livestock, uniq_pikel
D:8:      layout_basic, enter_bailey_7
D:9:      layout_loops_ring, gammafunk_temple_overflow_wave, serial_shops,
          kennysheep_mini_moat, shop, shop, serial_bayou_pond_e
D:10:     layout_loops_ring, lemuel_coloured_pillars_altar,
          mainiacjoe_overflow_alcove_4, kiku_gazebo_garden_becter, orc_0_dummy,
          serial_undead, serial_undead_c, serial_undead_c, serial_undead_a,
          serial_undead_d, uniq_snorg
Temple:   nicolae_temple_godzebo

Skill      XL: |  1  2  3  4  5  6  7  8  9 10 11 12 |
---------------+-------------------------------------+-----
Invocations    | 1 2 3 4 6 8 9 |  9.7
Evocations     | 1 2 3 4 5 8 |  8.9
Axes           | 3 4 5 6 8 9 |  9.2
Dodging        | 1 2 3 4 5 7 8 |  8.7
Shields        | 4 5 6 8 9 |  9.6
Armour         | 4 5 6 8 9 |  9.6
Fighting       | 4 5 6 8 |  8.7

Action                   |  1- 3 |  4- 6 |  7- 9 | 10-12 || total
-------------------------+-------+-------+-------+-------++-------
Melee: War axe           |    68 |   194 |   191 |       ||   453
       Headbutt          |       |       |    35 |   117 ||   152
       Hand axe          |       |       |    52 |   316 ||   368
Invok: Divine Shield     |       |       |       |     2 ||     2
Evoke: Wand              |       |       |    11 |       ||    11
  Use: Scroll            |       |     5 |    15 |     4 ||    24
       Potion            |       |     5 |     1 |     1 ||     7
Armor: Scale mail        |    61 |   130 |       |       ||   191
       Plate armour      |       |     8 |   217 |   192 ||   417
Dodge: Dodged            |    42 |    75 |    75 |   101 ||   293
Block: Buckler           |    24 |    51 |    72 |   121 ||   268
